Map: Catalyst LE

Players

axu - Winner!

  • Race: Protoss Protoss
  • League: Platinum
  • Spawn Location: 5:00

RedempTioN

  • Race: Protoss Protoss
  • League: Platinum
  • Spawn Location: 11:00

VOD

Have the link to the VOD?

Description

Time

  • Played on: Dec. 27, 2017, 10:30 a.m.
  • Length: 5:03
Show
View Real Time Build Order
Export as new Build Order

axu Protoss - Winner!

Build Orders:  

Get SALT Encoding   

  12  0:01  Probe  
  13  0:13  Probe  
  14  0:20  Pylon  
  15  0:28  Probe  
  15  0:40  Gateway  
  15  0:42  Probe (Chrono Boost)  
  16  0:47  Assimilator  
  16  0:53  Probe (Chrono Boost)  
  17  1:02  Gateway  
  17  1:04  Probe  
  18  1:11  Assimilator  
  18  1:16  Probe (Chrono Boost)  
  19  1:28  Probe (Chrono Boost)  
  19  1:29  Cybernetics Core  
  20  1:37  Probe (Chrono Boost)  
  21  1:44  Pylon  
  21  1:54  Probe  
  22  1:59  Pylon  
  22  2:01  Warp Gate (Chrono Boost)  
  22  2:02  Pylon  
  22  2:09  Stalker  
  22  2:15  Stalker  
  26  2:22  Probe  
  27  2:34  Probe  
  28  2:39  Stalker  
  30  2:45  Stalker  
  32  3:23  Stalker  
  32  3:24  Stalker  
  36  3:27  Gateway  
  36  3:29  Gateway  
  36  3:31  Pylon  
  36  4:09  Stalker x2  
Show
View Real Time Build Order
Export as new Build Order

RedempTioN Protoss 

Build Orders:  

Get SALT Encoding   

  12  0:01  Probe  
  13  0:13  Probe  
  14  0:23  Pylon  
  14  0:25  Probe  
  15  0:42  Probe (Chrono Boost)  
  16  0:43  Gateway  
  16  0:45  Assimilator  
  16  0:56  Probe (Chrono Boost)  
  17  1:04  Probe  
  18  1:16  Probe  
  19  1:22  Gateway  
  19  1:37  Pylon  
  19  1:54  Pylon  
  19  1:56  Assimilator, Probe  
  20  2:06  Cybernetics Core  
  20  2:08  Zealot (Chrono Boost)  
  24  2:16  Zealot (Chrono Boost)  
  24  2:27  Probe (Chrono Boost)  
  25  2:39  Probe (Chrono Boost), Warp Gate (Chrono Boost)  
  25  2:44  Probe (Chrono Boost)  
  27  3:00  Probe  
  27  3:04  Nexus  
  27  3:14  Probe  
  27  3:18  Pylon  
  28  3:26  Probe  
  29  3:30  Robotics Facility  
  29  3:38  Stalker  
  26  4:25  Immortal (Chrono Boost)  
  26  4:26  Pylon  
Tags
 
Matchup
PvP
Spawn Locations
Cross Positions
Add a new tag
Caveats
  • Supply blocks, unpowered buildings, or Contaminate may cause inaccurate times.
  • Supply counts are checked every 10 seconds.